 Dungeon Crawl Stone Soup version 0.29.0-4-gdea44cf6ec (webtiles) character file.

Game seed: 14105753749910820534

26481 qw the Brawler (level 12, -3/114 HPs)
             Began as a Troll Cinder Acolyte on Sept 3, 2022.
             Was an Initiate of Ignis.
             Slain by a ten-headed hydra (11 damage)
             ... on level 5 of the Lair of Beasts.
             The game lasted 00:05:43 (10453 turns).

qw the Brawler (Troll Cinder Acolyte)              Turns: 10453, Time: 00:05:43

Health: -3/114     AC: 11    Str: 29    XL:     12   Next: 98%
Magic:  12/12      EV: 12    Int: 10    God:    Ignis [......]
Gold:   682        SH:  9    Dex:  5    Spells: 13/13 levels left

rFire   + . .      SeeInvis .     - Unarmed
rCold   . . .      Faith    .   v - +0 kite shield
rNeg    . . .      Spirit   .   p - +2 troll leather armour {Snorg}
rPois   +          Reflect  .   (helmet restricted)
rElec   .          Harm     .   k - +2 cloak
rCorr   .          Rampage  .   (gloves unavailable)
Will    .....                   (boots unavailable)
Stlth   +.........              d - amulet of the acrobat
HPRegen 1.89/turn               e - ring of poison resistance
MPRegen 0.13/turn               r - +4 ring of evasion

@: about to teleport
A: large, unfitting armour, claws 3, regeneration 1, shaggy fur 1, tough skin 1
a: Renounce Religion, Rising Flame


You were on level 5 of the Lair of Beasts.
You worshipped Ignis.
Ignis was noncommittal.
You visited 2 branches of the dungeon, and saw 15 of its levels.

You collected 682 gold pieces.


Innate Abilities, Weirdness & Mutations

You are too large for most types of armour.
You have claws for hands.
Your natural rate of healing is unusually fast.
You are covered in fur. (AC +1)
You have tough skin. (AC +1)


   Skills:
 - Level 6.1 Fighting
 - Level 6.0 Throwing
 - Level 2.5 Armour
 - Level 1.1 Dodging
 - Level 11.0 Shields
 + Level 15.9 Unarmed Combat
 - Level 1.0 Spellcasting
 - Level 2.1 Fire Magic


You had 13 spell levels left.
You didn't know any spells.
Your spell library contained the following spells:

 Spells                   Type           Power      Damage    Failure   Level
 Scorch                   Fire           8%         2d5       38%         2

Inventory:

Missiles
 b - 4 silver boomerangs
 l - 10 boomerangs
 t - 2 javelins (quivered)
Armour
 k - a +2 cloak (worn)
 p - a +2 troll leather armour (worn) {Snorg}
 v - a +0 kite shield (worn)
Jewellery
 d - an amulet of the acrobat (around neck)
 e - a ring of poison resistance (left claw)
 f - a ring of fire
 m - a ring of ice
 r - a +4 ring of evasion (right claw)
 y - a ring of positive energy
Scrolls
 g - 2 scrolls of identify
 j - 4 scrolls of teleportation
 w - 3 scrolls of enchant weapon
Potions
 c - 7 potions of curing
 h - 4 potions of haste
 i - a potion of resistance
 n - 2 potions of heal wounds
 o - a potion of mutation
 q - a potion of might {unknown}

Dungeon Overview and Level Annotations

Branches:
Dungeon (10/15)            Temple (0/1) D:6            Lair (5/5) D:8
  Swamp (0/4) Lair:3       Spider (0/4) Lair:3
  Slime: Lair:4-5       Orc: D:9-12

Altars:
Cheibriados
Dithmenos
Fedhas
Hepliaklqana
Makhleb
Qazlal
Vehumet
Zin

Shops:
D:2 (   D:5 [

Annotations:
D:3 1 runed translucent door, Luzakky's ghost, amateur HuHu
D:7 1 runed translucent door, qw's ghost, novice TrCA


Message History

The eight-headed hydra bites you but does no damage. x2
The eight-headed hydra misses you.
The eight-headed hydra barely misses you.
The eight-headed hydra closely misses you.
You barely miss the eight-headed hydra.
The eight-headed hydra is heavily wounded.
The eight-headed hydra barely misses you.
The eight-headed hydra closely misses you.
The eight-headed hydra bites you!
You block the eight-headed hydra's attack.
The eight-headed hydra closely misses you.
You block the eight-headed hydra's attack.
The eight-headed hydra bites you but does no damage.
The eight-headed hydra bites you.
You claw one of the eight-headed hydra's heads off!
The seven-headed hydra grows two more!
You mangle the nine-headed hydra!!
The nine-headed hydra is severely wounded.
You claw one of the nine-headed hydra's heads off!
The eight-headed hydra grows two more!
You claw the ten-headed hydra!
The ten-headed hydra is severely wounded.
The ten-headed hydra bites you! The ten-headed hydra bites you.
You block the ten-headed hydra's attack.
The ten-headed hydra bites you but does no damage.
The ten-headed hydra bites you!
The ten-headed hydra bites you but does no damage.
The ten-headed hydra closely misses you.
The ten-headed hydra bites you.
The ten-headed hydra bites you but does no damage.
The ten-headed hydra bites you.
The cane toad stings you but does no damage.
10453 ||| READING 5 scrolls of teleportation.
As you read the scroll of teleportation, it crumbles to dust.
You feel strangely unstable.
The cane toad stings you but does no damage.
The ten-headed hydra barely misses you. The ten-headed hydra misses you.
The ten-headed hydra bites you but does no damage.
The ten-headed hydra bites you!
You block the ten-headed hydra's attack.
The ten-headed hydra bites you!
You die...

.... .... ....
##...# ..... ##P.#.#
#. .....##P....##.#
....!..!..P...#.
................
(..................
.(....F@............
..(...D#.........#..
......#.%..###....#
#....##..........##
.#... #...........#
!. ....
##.....P....#P....
...
#...........#.....
##. ##.....#.....#
...
#...#......####..


You could see a ten-headed hydra and a cane toad.

Vanquished Creatures
  Kirke (Lair:5)
  Snorg (Lair:4)
  A hydra (Lair:4)
  A boulder beetle (Lair:3)
  A bog body (Lair:3)
  A cyclops (D:10)
  3 black mambas
  5 elephants (Lair:3)
  9 cane toads
  4 komodo dragons
  2 torpor snails
  A rime drake (Lair:4)
  Maggie (Lair:1)
  A demonic crawler (Lair:2)
  Grinder (D:5)
  2 polar bears (Lair:5)
  Prince Ribbit (D:8)
  3 blink frogs (Lair:4)
  3 culicivoras (Lair:3)
  2 wyverns
  A wraith (D:10)
  32 yaks
  5 basilisks
  3 hogs (Lair:5)
  2 steam dragons
  Menkaure (D:5)
  16 water moccasins
  2 ice beasts
  4 black bears
  An ogre (D:4)
  An orc warrior (D:9)
  15 wolves (Lair:4)
  6 centaurs
  Blork the orc (D:4)
  2 kobold brigands
  16 bullfrogs
  3 necrophages
  3 scorpions
  2 gnoll sergeants
  A wight (D:6)
  4 howler monkeys
  2 gnoll boudas (D:6)
  6 jellies
  2 orc priests (D:6)
  5 hounds
  3 iguanas
  3 orc wizards
  3 hell rats (Lair:3)
  10 gnolls
  3 adders
  2 shadow imps
  2 white imps (D:8)
  An ufetubus (D:6)
  2 worms
  A dart slug (D:1)
  27 orcs
  8 ball pythons
  6 bats
  3 endoplasms (D:3)
  7 giant cockroaches
  9 goblins
  A hobgoblin (D:1)
  2 jackals (D:2)
  12 kobolds
  2 quokkas
  4 frilled lizards
  3 rats
  A spectral orc (D:8)
295 creatures vanquished.

Vanquished Creatures (others)
  A bush (Lair:4)
  38 fungi
  108 plants
147 creatures vanquished.

Grand Total: 442 creatures vanquished

Notes
Turn   | Place    | Note
-------+----------+-------------------------------------------
     0 | D:1      | qw the Troll Cinder Acolyte began the quest for the Orb.
     0 | D:1      | Reached XP level 1. HP: 22/22 MP: 1/1
     0 | D:1      | 0 ||| qw: Version: 0.1-a-100-g36b9a1f
     0 | D:1      | 0 ||| qw: Game counter: 5037
     0 | D:1      | 0 ||| qw: Always use a shield: true
     0 | D:1      | 0 ||| qw: God list: Okawaru
     0 | D:1      | 0 ||| qw: Allow faded altars: false
     0 | D:1      | 0 ||| qw: Do Orc after D:15 true
     0 | D:1      | 0 ||| qw: Do second Lair branch before Depths: true
     0 | D:1      | 0 ||| qw: Lair rune preference: random
     0 | D:1      | 0 ||| qw: Plans: Normal
     0 | D:1      | 0 ||| PLANNING D:1-11
   157 | D:1      | Reached XP level 2. HP: 29/29 MP: 2/2
   197 | D:1      | 197 ||| Stepping ~*~*~tactically~*~*~ (outnumbered).
   582 | D:1      | Found a faded altar of an unknown god.
   604 | D:1      | 604 ||| Stepping ~*~*~tactically~*~*~ (hiding).
   606 | D:1      | 606 ||| Stepping ~*~*~tactically~*~*~ (hiding).
   611 | D:1      | Reached skill level 1 in Throwing
   861 | D:1      | 861 ||| UPGRADING to ring of poison resistance.
   862 | D:1      | 862 ||| READING 5 scrolls labelled FAL HUCHUCSIRCH.
   863 | D:1      | 863 ||| READING scroll labelled RUYFRI PUPSAOTE.
   864 | D:1      | 864 ||| READING 2 scrolls labelled NUEFRA XISUOMN.
   868 | D:1      | 868 ||| READING scroll labelled ZAMPOLL YHEL.
   869 | D:1      | 869 ||| READING 4 scrolls of identify.
   869 | D:1      | 869 ||| IDENTIFYING blue potion
   870 | D:1      | 870 ||| READING 3 scrolls of identify.
   870 | D:1      | 870 ||| IDENTIFYING metallic amethyst potion
   871 | D:1      | 871 ||| READING 2 scrolls of identify.
   871 | D:1      | 871 ||| IDENTIFYING fuming sapphire potion
   872 | D:1      | 872 ||| DROPPING potion of brilliance.
   882 | D:2      | Found Wucy's Antique Weapon Boutique.
   943 | D:2      | Reached XP level 3. HP: 36/36 MP: 3/3
   973 | D:2      | 973 ||| Stepping ~*~*~tactically~*~*~ (stealth).
   977 | D:2      | Reached skill level 4 in Unarmed Combat
  1353 | D:2      | 1353 ||| Stepping ~*~*~tactically~*~*~ (stealth).
  1510 | D:2      | 1510 ||| UPGRADING to +2 cloak.
  1515 | D:2      | 1515 ||| READING scroll labelled ZUXUXU RUKH.
  1516 | D:2      | 1516 ||| READING scroll labelled ETTOFAO WARCHAE.
  1517 | D:2      | 1517 ||| READING scroll labelled LIUJIO NOMIACS.
  1518 | D:2      | 1518 ||| DRINKING 2 sedimented brown potions.
  1572 | D:3      | Found a runed translucent door.
  1581 | D:3      | 1581 ||| Stepping ~*~*~tactically~*~*~ (stealth).
  1582 | D:3      | 1582 ||| Stepping ~*~*~tactically~*~*~ (stealth).
  1997 | D:3      | Reached XP level 4. HP: 42/44 MP: 4/4
  2072 | D:3      | Reached skill level 5 in Unarmed Combat
  2072 | D:3      | 2072 ||| Stepping ~*~*~tactically~*~*~ (outnumbered).
  2184 | D:3      | Noticed Luzakky's ghost (amateur HuHu)
  2186 | D:3      | 2186 ||| READING scroll labelled OPPAWETOAD.
  2187 | D:3      | 2187 ||| READING scroll labelled QEUPEUCSYHAEM.
  2200 | D:4      | Noticed an ogre
  2202 | D:4      | Killed an ogre
  2203 | D:4      | Reached skill level 6 in Unarmed Combat
  2203 | D:4      | Reached XP level 5. HP: 50/50 MP: 5/5
  2317 | D:4      | Noticed Blork the orc
  2318 | D:4      | 2318 ||| Stepping ~*~*~tactically~*~*~ (hiding).
  2326 | D:4      | 2326 ||| INVOKING Fiery Armour.
  2328 | D:4      | Killed Blork the orc
  2329 | D:4      | Reached XP level 6. HP: 24/59 MP: 6/6
  2739 | D:4      | 2739 ||| READING scroll labelled ACOLLU RYFOU.
  2740 | D:4      | 2740 ||| DRINKING 2 coppery potions.
  2741 | D:4      | 2741 ||| DRINKING 2 murky silvery potions.
  2742 | D:4      | 2742 ||| READING 2 scrolls of identify.
  2742 | D:4      | 2742 ||| IDENTIFYING smoky yellow potion
  2743 | D:4      | 2743 ||| DROPPING potion of flight.
  2744 | D:4      | 2744 ||| DROPPING potion of attraction.
  2752 | D:5      | Entered Level 5 of the Dungeon
  2760 | D:5      | Noticed an ice beast
  2768 | D:5      | Killed an ice beast
  2769 | D:5      | Reached skill level 7 in Unarmed Combat
  2796 | D:5      | Noticed Grinder
  2797 | D:5      | 2797 ||| Stepping ~*~*~tactically~*~*~ (hiding).
  2804 | D:5      | Paralysed by Grinder for 5 turns
  2812 | D:5      | Killed Grinder
  2813 | D:5      | Reached skill level 8 in Unarmed Combat
  2813 | D:5      | Reached XP level 7. HP: 47/66 MP: 7/7
  2903 | D:5      | Reached skill level 3 in Fighting
  3033 | D:5      | Noticed Menkaure
  3034 | D:5      | 3034 ||| Stepping ~*~*~tactically~*~*~ (hiding).
  3046 | D:5      | 3046 ||| INVOKING Fiery Armour.
  3047 | D:5      | Killed Menkaure
  3048 | D:5      | Reached skill level 3 in Throwing
  3139 | D:5      | Found Qyfighujeo's Antique Armour Shoppe.
  3449 | D:5      | Reached XP level 8. HP: 75/75 MP: 8/8
  3461 | D:5      | 3461 ||| DRINKING 2 lumpy black potions.
  3462 | D:5      | 3462 ||| DROPPING potion of degeneration.
  3534 | D:6      | 3534 ||| Stepping ~*~*~tactically~*~*~ (hiding).
  3535 | D:6      | 3535 ||| Stepping ~*~*~tactically~*~*~ (hiding).
  3536 | D:6      | 3536 ||| Stepping ~*~*~tactically~*~*~ (hiding).
  3537 | D:6      | 3537 ||| Stepping ~*~*~tactically~*~*~ (hiding).
  3593 | D:6      | Reached skill level 9 in Unarmed Combat
  3661 | D:6      | Found a staircase to the Ecumenical Temple.
  3741 | D:6      | 3741 ||| Stepping ~*~*~tactically~*~*~ (hiding).
  3743 | D:6      | 3743 ||| Stepping ~*~*~tactically~*~*~ (hiding).
  3745 | D:6      | 3745 ||| Stepping ~*~*~tactically~*~*~ (hiding).
  3750 | D:6      | 3750 ||| Stepping ~*~*~tactically~*~*~ (outnumbered).
  3751 | D:6      | 3751 ||| Stepping ~*~*~tactically~*~*~ (outnumbered).
  3767 | D:6      | 3767 ||| INVOKING Fiery Armour.
  3773 | D:6      | Reached skill level 1 in Dodging
  3789 | D:6      | 3789 ||| Stepping ~*~*~tactically~*~*~ (hiding).
  3828 | D:6      | Found a radiant altar of Vehumet.
  3831 | D:6      | Found a glowing silver altar of Zin.
  3834 | D:6      | Found a stormy altar of Qazlal.
  3837 | D:6      | Found a burning altar of Makhleb.
  3958 | D:6      | 3958 ||| INVOKING Fiery Armour.
  3971 | D:6      | Reached skill level 10 in Unarmed Combat
  3972 | D:6      | 3972 ||| Stepping ~*~*~tactically~*~*~ (outnumbered).
  3982 | D:6      | 3982 ||| Stepping ~*~*~tactically~*~*~ (outnumbered).
  3990 | D:6      | Reached XP level 9. HP: 47/84 MP: 9/9
  4095 | D:6      | 4095 ||| Stepping ~*~*~tactically~*~*~ (stealth).
  4329 | D:6      | Found a snail-covered altar of Cheibriados.
  4359 | D:6      | 4359 ||| READING scroll labelled HOLUOT BAISM.
  4360 | D:6      | 4360 ||| READING scroll labelled OCARUALLEPORU.
  4361 | D:6      | 4361 ||| READING 2 scrolls of identify.
  4361 | D:6      | 4361 ||| IDENTIFYING silvery potion
  4372 | D:7      | 4372 ||| Stepping ~*~*~tactically~*~*~ (outnumbered).
  4374 | D:7      | 4374 ||| Stepping ~*~*~tactically~*~*~ (outnumbered).
  4375 | D:7      | 4375 ||| Stepping ~*~*~tactically~*~*~ (outnumbered).
  4410 | D:7      | 4410 ||| Stepping ~*~*~tactically~*~*~ (hiding).
  4422 | D:7      | 4422 ||| Stepping ~*~*~tactically~*~*~ (stealth).
  4430 | D:7      | You fall into a shaft and drop 3 floors!
  4430 | D:10     | Entered Level 10 of the Dungeon
  4450 | D:10     | Noticed a cyclops
  4451 | D:10     | Reached skill level 11 in Unarmed Combat
  4458 | D:10     | Killed a cyclops
  4554 | D:9      | 4554 ||| Stepping ~*~*~tactically~*~*~ (outnumbered).
  4556 | D:9      | 4556 ||| DRINKING 7 potions of curing.
  4556 | D:9      | 4556 ||| (to cure confusion)
  4592 | D:8      | Reached skill level 12 in Unarmed Combat
  4640 | D:7      | 4640 ||| Stepping ~*~*~tactically~*~*~ (stealth).
  4643 | D:7      | 4643 ||| Stepping ~*~*~tactically~*~*~ (outnumbered).
  4644 | D:7      | 4644 ||| Stepping ~*~*~tactically~*~*~ (outnumbered).
  4645 | D:7      | 4645 ||| Stepping ~*~*~tactically~*~*~ (outnumbered).
  4828 | D:7      | Found a runed translucent door.
  4828 | D:7      | Noticed a deep elf pyromancer
  4828 | D:7      | Noticed qw's ghost (novice TrCA)
  5162 | D:7      | 5162 ||| Stepping ~*~*~tactically~*~*~ (stealth).
  5163 | D:7      | 5163 ||| Stepping ~*~*~tactically~*~*~ (stealth).
  5164 | D:7      | 5164 ||| Stepping ~*~*~tactically~*~*~ (stealth).
  5170 | D:7      | 5170 ||| Stepping ~*~*~tactically~*~*~ (stealth).
  5173 | D:7      | 5173 ||| FLEEEEING.
  5175 | D:7      | 5175 ||| Stepping ~*~*~tactically~*~*~ (outnumbered).
  5179 | D:7      | Reached XP level 10. HP: 75/96 MP: 10/10
  5180 | D:7      | 5180 ||| Stepping ~*~*~tactically~*~*~ (outnumbered).
  5182 | D:7      | 5182 ||| Stepping ~*~*~tactically~*~*~ (outnumbered).
  5184 | D:7      | 5184 ||| FLEEEEING.
  5185 | D:7      | 5185 ||| FLEEEEING.
  5186 | D:7      | 5186 ||| FLEEEEING.
  5187 | D:7      | 5187 ||| FLEEEEING.
  5188 | D:7      | 5188 ||| FLEEEEING.
  5189 | D:7      | 5189 ||| FLEEEEING.
  5190 | D:7      | 5190 ||| FLEEEEING.
  5191 | D:7      | 5191 ||| STAIRDANCE
  5202 | D:6      | 5202 ||| UPGRADING to +0 kite shield.
  5207 | D:6      | 5207 ||| UPGRADING to +4 ring of evasion.
  5213 | D:7      | Reached skill level 1 in Shields
  5222 | D:7      | 5222 ||| STAIRDANCE
  5281 | D:7      | Found a shadowy altar of Dithmenos.
  5281 | D:7      | Found a blossoming altar of Fedhas.
  5431 | D:7      | 5431 ||| READING 4 scrolls of teleportation.
  5537 | D:8      | 5537 ||| INVOKING Fiery Armour.
  5542 | D:8      | Reached skill level 3 in Shields
  5552 | D:8      | 5552 ||| DRINKING 6 potions of curing.
  5552 | D:8      | 5552 ||| (to cure confusion)
  5554 | D:8      | 5554 ||| Stepping ~*~*~tactically~*~*~ (outnumbered).
  5555 | D:8      | 5555 ||| DRINKING 5 potions of curing.
  5555 | D:8      | 5555 ||| (to cure confusion)
  5557 | D:8      | 5557 ||| Stepping ~*~*~tactically~*~*~ (outnumbered).
  5558 | D:8      | 5558 ||| Stepping ~*~*~tactically~*~*~ (outnumbered).
  5559 | D:8      | 5559 ||| Stepping ~*~*~tactically~*~*~ (outnumbered).
  5560 | D:8      | 5560 ||| Stepping ~*~*~tactically~*~*~ (outnumbered).
  5561 | D:8      | 5561 ||| Stepping ~*~*~tactically~*~*~ (outnumbered).
  5563 | D:8      | 5563 ||| Stepping ~*~*~tactically~*~*~ (outnumbered).
  5833 | D:8      | Found a staircase to the Lair.
  5946 | D:8      | Noticed Prince Ribbit
  5951 | D:8      | Killed Prince Ribbit
  5992 | D:8      | Found a hazy altar of Hepliaklqana.
  6082 | D:8      | 6082 ||| PLANNING LAIR
  6100 | Lair:1   | Entered Level 1 of the Lair of Beasts
  6132 | Lair:1   | Reached skill level 6 in Shields
  6163 | Lair:1   | Noticed Maggie
  6174 | Lair:1   | Killed Maggie
  6373 | Lair:1   | 6373 ||| INVOKING Fiery Armour.
  6489 | Lair:1   | Noticed a cane toad
  6491 | Lair:1   | Killed a cane toad
  6548 | Lair:1   | Noticed a cane toad
  6554 | Lair:1   | Killed a cane toad
  6651 | Lair:1   | You fall into a shaft and drop 1 floor!
  6709 | Lair:2   | Reached XP level 11. HP: 99/102 MP: 11/11
  6721 | Lair:2   | 6721 ||| Stepping ~*~*~tactically~*~*~ (stealth).
  6728 | Lair:2   | 6728 ||| Stepping ~*~*~tactically~*~*~ (outnumbered).
  6729 | Lair:2   | 6729 ||| Stepping ~*~*~tactically~*~*~ (outnumbered).
  6730 | Lair:2   | 6730 ||| Stepping ~*~*~tactically~*~*~ (outnumbered).
  6731 | Lair:2   | 6731 ||| Stepping ~*~*~tactically~*~*~ (outnumbered).
  6732 | Lair:2   | 6732 ||| Stepping ~*~*~tactically~*~*~ (outnumbered).
  6734 | Lair:2   | 6734 ||| Stepping ~*~*~tactically~*~*~ (outnumbered).
  6865 | Lair:2   | 6865 ||| UPGRADING to +0 steam dragon scales.
  6875 | Lair:2   | 6875 ||| DROPPING +0 robe.
  6876 | Lair:2   | 6876 ||| READING scroll labelled BULEOWUSIU.
  6877 | Lair:2   | 6877 ||| READING scroll labelled SUSCHO RUSI.
  6923 | Lair:2   | 6923 ||| DRINKING 2 lumpy yellow potions.
  6924 | Lair:2   | 6924 ||| READING 2 scrolls of identify.
  6924 | Lair:2   | 6924 ||| IDENTIFYING red potion
  6925 | Lair:2   | 6925 ||| DROPPING potion of ambrosia.
  7326 | Lair:2   | Reached skill level 1 in Armour
  7571 | Lair:2   | 7571 ||| Stepping ~*~*~tactically~*~*~ (hiding).
  7869 | Lair:2   | Reached skill level 9 in Shields
  7883 | Lair:2   | 7883 ||| DROPPING scarf of invisibility.
  7884 | Lair:2   | 7884 ||| DRINKING 2 grey potions.
  7885 | Lair:2   | 7885 ||| DROPPING potion of invisibility.
  8018 | Lair:3   | Found a staircase to the Swamp.
  8019 | Lair:3   | Noticed a bog body
  8020 | Lair:3   | 8020 ||| Stepping ~*~*~tactically~*~*~ (hiding).
  8026 | Lair:3   | Killed a bog body
  8123 | Lair:3   | Found a hole to the Spider Nest.
  8153 | Lair:3   | 8153 ||| Stepping ~*~*~tactically~*~*~ (stealth).
  8154 | Lair:3   | 8154 ||| Stepping ~*~*~tactically~*~*~ (stealth).
  8155 | Lair:3   | 8155 ||| Stepping ~*~*~tactically~*~*~ (stealth).
  8163 | Lair:3   | Reached skill level 13 in Unarmed Combat
  8167 | Lair:3   | 8167 ||| Stepping ~*~*~tactically~*~*~ (outnumbered).
  8179 | Lair:3   | 8179 ||| INVOKING Fiery Armour.
  8179 | Lair:3   | HP: 24/97 [hell rat (4)]
  8180 | Lair:3   | 8180 ||| READING 6 scrolls of teleportation.
  8181 | Lair:3   | 8181 ||| DRINKING 3 potions of heal wounds.
  8182 | Lair:3   | 8182 ||| DRINKING 2 potions of heal wounds.
  8231 | Lair:3   | 8231 ||| Stepping ~*~*~tactically~*~*~ (stealth).
  8305 | Lair:3   | 8305 ||| Stepping ~*~*~tactically~*~*~ (stealth).
  8334 | Lair:3   | 8334 ||| Stepping ~*~*~tactically~*~*~ (stealth).
  8345 | Lair:3   | 8345 ||| Stepping ~*~*~tactically~*~*~ (outnumbered).
  8346 | Lair:3   | 8346 ||| Stepping ~*~*~tactically~*~*~ (outnumbered).
  8388 | Lair:3   | 8388 ||| INVOKING Fiery Armour.
  8520 | Lair:3   | 8520 ||| Stepping ~*~*~tactically~*~*~ (stealth).
  8726 | Lair:3   | Noticed a boulder beetle
  8727 | Lair:3   | 8727 ||| INVOKING Fiery Armour.
  8733 | Lair:3   | Killed a boulder beetle
  8734 | Lair:3   | Reached skill level 14 in Unarmed Combat
  8752 | Lair:3   | 8752 ||| Stepping ~*~*~tactically~*~*~ (stealth).
  8768 | Lair:3   | 8768 ||| Stepping ~*~*~tactically~*~*~ (hiding).
  8962 | Lair:3   | 8962 ||| UPGRADING to amulet of the acrobat.
  8967 | Lair:3   | 8967 ||| READING 2 scrolls of identify.
  8967 | Lair:3   | 8967 ||| IDENTIFYING inky potion
  8968 | Lair:3   | 8968 ||| DROPPING potion of berserk rage.
  9027 | Lair:4   | 9027 ||| STAIRDANCE
  9032 | Lair:3   | Reached XP level 12. HP: 106/111 MP: 12/12
  9038 | Lair:4   | 9038 ||| STAIRDANCE
  9065 | Lair:4   | 9065 ||| STAIRDANCE
  9130 | Lair:4   | Reached skill level 6 in Fighting
  9130 | Lair:4   | 9130 ||| Stepping ~*~*~tactically~*~*~ (outnumbered).
  9131 | Lair:4   | 9131 ||| Stepping ~*~*~tactically~*~*~ (outnumbered).
  9132 | Lair:4   | 9132 ||| Stepping ~*~*~tactically~*~*~ (outnumbered).
  9133 | Lair:4   | 9133 ||| Stepping ~*~*~tactically~*~*~ (outnumbered).
  9180 | Lair:4   | Noticed an eight-headed hydra
  9181 | Lair:4   | 9181 ||| INVOKING Fiery Armour.
  9187 | Lair:4   | Killed a ten-headed hydra
  9195 | Lair:4   | 9195 ||| FLEEEEING.
  9196 | Lair:4   | 9196 ||| FLEEEEING.
  9197 | Lair:4   | 9197 ||| FLEEEEING.
  9198 | Lair:4   | 9198 ||| FLEEEEING.
  9199 | Lair:4   | 9199 ||| STAIRDANCE
  9262 | Lair:4   | Reached skill level 6 in Throwing
  9283 | Lair:4   | 9283 ||| INVOKING Fiery Armour.
  9527 | Lair:4   | 9527 ||| Stepping ~*~*~tactically~*~*~ (stealth).
  9575 | Lair:4   | 9575 ||| FLEEEEING.
  9582 | Lair:4   | 9582 ||| Stepping ~*~*~tactically~*~*~ (outnumbered).
  9589 | Lair:4   | Reached skill level 15 in Unarmed Combat
 10024 | Lair:4   | Noticed Snorg
 10025 | Lair:4   | 10025 ||| INVOKING Fiery Armour.
 10035 | Lair:4   | Killed Snorg
 10207 | Lair:4   | 10207 ||| UPGRADING to +2 troll leather armour {Snorg}.
 10217 | Lair:4   | 10217 ||| DROPPING +0 steam dragon scales.
 10244 | Lair:5   | Entered Level 5 of the Lair of Beasts
 10262 | Lair:5   | Noticed Kirke
 10263 | Lair:5   | 10263 ||| INVOKING Fiery Armour.
 10268 | Lair:5   | 10268 ||| Stepping ~*~*~tactically~*~*~ (outnumbered).
 10273 | Lair:5   | 10273 ||| Stepping ~*~*~tactically~*~*~ (outnumbered).
 10274 | Lair:5   | 10274 ||| Stepping ~*~*~tactically~*~*~ (outnumbered).
 10278 | Lair:5   | 10278 ||| Stepping ~*~*~tactically~*~*~ (outnumbered).
 10281 | Lair:5   | 10281 ||| Stepping ~*~*~tactically~*~*~ (outnumbered).
 10282 | Lair:5   | 10282 ||| DRINKING potion of cancellation.
 10283 | Lair:5   | Noticed a sphinx
 10289 | Lair:5   | Killed Kirke
 10406 | Lair:5   | 10406 ||| Stepping ~*~*~tactically~*~*~ (stealth).
 10426 | Lair:5   | 10426 ||| Stepping ~*~*~tactically~*~*~ (outnumbered).
 10427 | Lair:5   | 10427 ||| Stepping ~*~*~tactically~*~*~ (outnumbered).
 10439 | Lair:5   | Noticed a five-headed hydra
 10452 | Lair:5   | HP: 28/114 [ten-headed hydra (11)]
 10453 | Lair:5   | 10453 ||| READING 5 scrolls of teleportation.
 10453 | Lair:5   | HP: 8/114 [ten-headed hydra (11)]
 10453 | Lair:5   | Slain by a ten-headed hydra

Levels and vault maps discovered:
D:1:      roderic_dead_forest, layout_loops_corners,
          ebering_ecumenical_altar_sacrificial
D:2:      layout_loops_cross, serial_shops, nicolae_shop_stone, hex_medium
D:3:      minmay_chambers_of_twos, layout_basic, ebering_ghost_sewer_d
D:4:      layout_basic, uniq_blork_the_orc
D:5:      layout_basic, serial_shops, kennysheep_mini, uniq_menkaure,
          uniq_grinder
D:6:      layout_basic, slow_altar_2, grunt_temple_overflow_cloverleaf,
          temple_hall, minmay_joined_circles
D:7:      layout_loops_cross, gammafunk_temple_overflow_elements,
          ebering_ghost_inner_flame, st_stairs_10
D:8:      layout_rooms, nicolae_hepliaklqana_monster_ancestors,
          due_lair_maze_entry_diamond, uniq_prince_ribbit1
D:9:      layout_long_grid, nicolae_overflow_hidden_temple, serial_bayou,
          serial_bayou_shore_b, serial_bayou_pond_d, serial_bayou_ford_a,
          serial_bayou_pond_b, enter_bailey_5, nicolae_good_shop,
          uniq_gastronok, uniq_erica
D:10:     layout_cave_pools, uniq_lodul
Lair:1:   layout_gridlike, lemuel_another_geyser, lemuel_fruit_tree, uniq_maggie
Lair:2:   layout_long_grid, worms_lemuel, serial_bayou_shore_a
Lair:3:   layout_cave_pods, skrybe_swamp_entry_bodies,
          hellmonk_spider_entry_life_and_decay, grunt_megastairs_1
Lair:4:   layout_gridlike, portal_ice_cave_entry_pillars_2, serial_forest,
          infiniplex_forest_split, infiniplex_forest_straight_2,
          infiniplex_forest_zigzag_1, infiniplex_forest_end_2,
          infiniplex_forest_clump_cross, infiniplex_forest_clump_double,
          infiniplex_forest_lined_room_, uniq_snorg
Lair:5:   grunt_lair_end_beastmaster, layout_regular_city, slime_entry_1,
          uniq_kirke, uniq_nessos

Skill      XL: |  1  2  3  4  5  6  7  8  9 10 11 12 |
---------------+-------------------------------------+-----
Throwing       | 1 2 3 4 5 6 |  6.0
Unarmed Combat | 4 6 8 10 12 14 15 | 15.9
Fighting       | 3 4 5 6 |  6.1
Dodging        | 1 |  1.1
Shields        | 8 10 11 | 11.0
Armour         | 2 |  2.5
Spellcasting   | |  1.0
Fire Magic     | |  2.1

Action                   |  1- 3 |  4- 6 |  7- 9 | 10-12 || total
-------------------------+-------+-------+-------+-------++-------
Melee: Unarmed           |   104 |    61 |   199 |   518 ||   882
       Punch             |     2 |     2 |     6 |       ||    10
Throw: Large rock        |    31 |     7 |    39 |    93 ||   170
       Javelin           |       |       |     6 |    13 ||    19
       Boomerang         |       |       |       |     6 ||     6
Invok: Fiery Armour      |       |     1 |     3 |     9 ||    13
  Use: Scroll            |    10 |     4 |     3 |     7 ||    24
       Potion            |     1 |     2 |     2 |     7 ||    12
Armor: Robe              |    41 |    22 |    86 |    40 ||   189
       Steam dragon scal |       |       |       |    90 ||    90
       Troll leather arm |       |       |       |    41 ||    41
Dodge: Dodged            |    43 |    22 |    78 |   257 ||   400
Block: Kite shield       |       |       |       |   212 ||   212

Table legend:
 A = Non-vault XP
 B = Vault XP
 C = Vault XP percentage of total XP
 D = Non-vault monster count
 E = Vault monster count
 F = Vault count percentage of total count
                 A         B        C        D         E       F
            +---------+---------+-------+---------+---------+-------
      Total |   28243 |    9587 |  25.3 |     236 |      59 |  20.0
            +---------+---------+-------+---------+---------+-------
        D:1 |      36 |       0 |   0.0 |      20 |       0 |   0.0
        D:2 |      30 |       0 |   0.0 |      15 |       0 |   0.0
        D:3 |      63 |      38 |  37.6 |      13 |       8 |  38.1
        D:4 |     263 |      96 |  26.7 |       8 |       1 |  11.1
        D:5 |     451 |     469 |  51.0 |      11 |       2 |  15.4
        D:6 |     571 |     903 |  61.3 |      26 |      15 |  36.6
        D:7 |    1759 |      91 |   4.9 |      19 |       2 |   9.5
        D:8 |     938 |    1483 |  61.3 |      17 |      12 |  41.4
        D:9 |     165 |       0 |   0.0 |       4 |       0 |   0.0
       D:10 |    1114 |       0 |   0.0 |       6 |       0 |   0.0
     Lair:1 |    1990 |     379 |  16.0 |      12 |       1 |   7.7
     Lair:2 |    2153 |     374 |  14.8 |       9 |       1 |  10.0
     Lair:3 |    7088 |    2822 |  28.5 |      25 |      12 |  32.4
     Lair:4 |    7985 |     967 |  10.8 |      38 |       1 |   2.6
     Lair:5 |    3637 |    1965 |  35.1 |      13 |       4 |  23.5
            +---------+---------+-------+---------+---------+-------
